 Dungeon Crawl Stone Soup version 0.28-a0-823-gb444dcf96d (webtiles) character file.

Game seed: 15288502530126847055

533316 Ijustatesigmund the Impregnable (level 25, -16/164 HPs)
             Began as a Gargoyle Fighter on Nov 9, 2021.
             Was the Champion of Cheibriados.
             Killed from afar by an ancient lich (56 damage)
             ... with a bolt of acid
             ... on level 5 of the Vaults on Nov 10, 2021.
             The game lasted 02:42:22 (49767 turns).

Ijustatesigmund the Impregnable (Gargoyle Fighter) Turns: 49767, Time: 02:42:22

Health: -16/164    AC: 47    Str: 40    XL:     25   Next: 72%
Magic:  46/46      EV: 27    Int: 32    God:    Cheibriados [******]
Gold:   1618       SH: 17    Dex: 25    Spells: 23/41 levels left

rFire   + + +      SeeInvis .   a - +5 eveningstar (protect)
rCold   + . .      Faith    .   y - +3 warlock's mirror {reflect}
rNeg    + + .      Spirit   .   Z - quicksilver dragon scales
rPois   ∞          Reflect  +   z - +2 helmet "Woaref" {rN+ Regen+ MP+9 Str+4 Int-2}
rElec   +          Harm     +   I - scarf {rC+ rF+}
rCorr   .          Rampage  .   s - +2 pair of gloves
Will    ++...                   t - +2 pair of boots of the Other Side {rF+ Regen+ Dex-4}
Stlth   +++++.....              d - amulet "Wummuuwn" {Reflect Harm rF++ Int+2 SH+5}
HPRegen 4.37/turn               H - +4 ring of slaying
MPRegen 0.30/turn               D - +4 ring of evasion

@: corroded, under a protective aura, flying, very slow
A: sickness immunity, AC +19, big wings, negative energy resistance 1,
electricity resistance, torment resistance 1, petrification resistance, thin
skeletal structure 1, regeneration 2, MP-powered wands
}: 3/15 runes: decaying, serpentine, silver
a: Renounce Religion, Bend Time, Temporal Distortion, Slouch, Step From Time


You were on level 5 of the Vaults.
You worshipped Cheibriados.
Cheibriados was exalted by your worship.
You visited 8 branches of the dungeon, and saw 42 of its levels.
You visited the Abyss 3 times.
You visited 1 bazaar.
You also visited: Wizlab.

You collected 5964 gold pieces.
You spent 4346 gold pieces at shops.

Inventory:

Hand Weapons
 a - a +5 eveningstar of protection (weapon)
 V - a +3 demon whip
Missiles
 k - 25 javelins (quivered)
Armour
 b - the +4 troll leather armour of the Carpenter {rElec Regen+}
   (You bought it in a shop on level 1 of the Dungeon)

   rElec:     It insulates you from electricity.
   Regen:     It increases your rate of health regeneration.
 s - a +2 pair of gloves (worn)
 t - the +2 pair of boots of the Other Side (worn) {rF+ Regen+ Dex-4}
   (You found it in a wizard's laboratory)

   Dex:       It affects your dexterity (-4).
   rF:        It protects you from fire.
   Regen:     It increases your rate of health regeneration.
 y - the +3 warlock's mirror (worn) {reflect}
   (You found it on level 13 of the Dungeon)

   It can block and reflect piercing ranged attacks and magical attacks against
   the wielder's willpower.
 z - the +2 helmet "Woaref" (worn) {rN+ Regen+ MP+9 Str+4 Int-2}
   (You found it on level 2 of the Depths)

   Str:       It affects your strength (+4).
   Int:       It affects your intelligence (-2).
   rN:        It protects you from negative energy.
   MP:        It affects your magic capacity (+9).
   Regen:     It increases your rate of health regeneration.
 I - a scarf of resistance (worn)
 J - a +2 hat of see invisible
 Z - quicksilver dragon scales (worn)
Jewellery
 d - the amulet "Wummuuwn" (around neck) {Reflect Harm rF++ Int+2 SH+5}
   (You bought it in a shop on level 1 of the Depths)

   [amulet of reflection]

   It reflects blocked missile attacks.
   Int:       It affects your intelligence (+2).
   rF:        It greatly protects you from fire.
   SH:        It affects your SH (+5).
   Harm:      It increases damage dealt and taken.
 j - an amulet of regeneration
 o - a ring of resist corrosion
 w - a ring of positive energy
 D - a +4 ring of evasion (right hand)
 G - the ring "Raihijiv" {Fire Contam *Slow rN+++ Dex+3 Stlth+}
   (You found it on level 5 of the Vaults)

   [ring of fire]

   It enhances your fire magic.
   Dex:       It affects your dexterity (+3).
   rF:        It protects you from fire.
   rC:        It makes you vulnerable to cold.
   rN:        It renders you almost immune to negative energy.
   Contam:    It causes magical contamination when unequipped.
   *Slow:     It may slow you when you take damage.
   Stlth:     It makes you more stealthy.
 H - a +4 ring of slaying (left hand)
 K - a ring of protection from fire
 Y - the ring "Malehify" {Wiz rC+ Str+2 Int+2 Dex-5}
   (You bought it in a shop on level 3 of the Elven Halls)

   [ring of wizardry]

   It improves your spell success rate.
   Str:       It affects your strength (+2).
   Int:       It affects your intelligence (+2).
   Dex:       It affects your dexterity (-5).
   rC:        It protects you from cold.
Wands
 c - a wand of digging (13)
 e - a wand of flame (110)
 n - a wand of iceblast (58)
 u - a wand of charming (11)
 x - a wand of polymorph (61)
 C - a wand of mindburst (18)
 Q - a wand of acid (4)
Scrolls
 f - 4 scrolls of torment
 i - 3 scrolls of blinking
 m - 8 scrolls of amnesia
 v - 31 scrolls of identify
 A - 5 scrolls of teleportation
 F - 3 scrolls of holy word
 L - a scroll of summoning
 P - 6 scrolls of fog
 S - 3 scrolls of silence
 T - 8 scrolls of enchant armour
 U - 2 scrolls of immolation
 W - 4 scrolls of fear
 X - 2 scrolls of magic mapping
Potions
 g - 4 potions of might
 h - 6 potions of cancellation
 l - 4 potions of brilliance
 p - 6 potions of attraction
 q - 18 potions of curing
 r - 8 potions of mutation
 B - 2 potions of invisibility
 E - 15 potions of heal wounds
 M - 2 potions of resistance
 N - 3 potions of ambrosia
 O - 5 potions of magic
 R - 9 potions of lignification


   Skills:
 + Level 18.9 Fighting
 + Level 17.3 Maces & Flails
 - Level 21.1 Armour
 - Level 12.7 Dodging
 - Level 8.0 Stealth
 - Level 15.3 Shields
 - Level 8.7 Spellcasting
 + Level 3.7 Conjurations
 - Level 11.1 Necromancy
 - Level 6.0 Translocations
 - Level 8.0 Transmutations
 - Level 11.0 Earth Magic
 + Level 20.8 Invocations
 - Level 8.7 Evocations


You had 23 spell levels left.
You knew the following spells:

 Your Spells              Type           Power      Damage    Failure   Level
a - Wereblood             Tmut           60%        N/A       1%          2
b - Borgnjor's Vile Clut  Necr/Erth      35%        N/A       1%          5
c - Blink                 Tloc           100%       N/A       1%          2
d - Lesser Beckoning      Tloc           52%        N/A       1%          3
e - Iron Shot             Conj/Erth      28%        9d6       28%         6

Your spell library contained the following spells:

 Spells                   Type           Power      Damage    Failure   Level
 Animate Skeleton         Necr           100%       N/A       1%          1
 Beastly Appendage        Tmut           100%       N/A       1%          1
 Magic Dart               Conj           100%       1d8       1%          1
 Pain                     Necr           100%       1d9       1%          1
 Sting                    Tmut/Pois      100%       1d8       1%          1
 Corpse Rot               Necr/Air       98%        N/A       1%          2
 Gell's Gravitas          Tloc           52%        N/A       1%          3
 Teleport Other           Tloc           52%        N/A       1%          3
 Vampiric Draining        Necr           71%        2d11      1%          3
 Animate Dead             Necr           35%        N/A       1%          4
 Petrify                  Tmut/Erth      66%        N/A       1%          4
 Agony                    Necr           71%        N/A       1%          5
 Excruciating Wounds      Necr           35%        N/A       1%          5
 Static Discharge         Conj/Air       25%        N/A       2%          2
 Spider Form              Tmut/Pois      39%        N/A       2%          3
 Portal Projectile        Hex/Tloc       66%        N/A       3%          3
 Passage of Golubria      Tloc           52%        N/A       3%          4
 Slow                     Hex            56%        N/A       4%          1
 Animate Armour           Summ/Erth      98%        N/A       4%          4
 Blade Hands              Tmut           30%        N/A       4%          5
 Call Imp                 Summ           14%        N/A       6%          2
 Ensorcelled Hibernation  Hex/Ice        28%        N/A       6%          2
 Poisonous Vapours        Pois/Air       28%        N/A       6%          2
 Scorch                   Fire           28%        2d6       6%          2
 Death Channel            Necr           35%        N/A       6%          6
 Mephitic Cloud           Conj/Pois/Air  21%        N/A       7%          3
 Ice Form                 Ice/Tmut       39%        N/A       8%          4
 Manifold Assault         Tloc           52%        N/A       9%          5
 Confusing Touch          Hex            14%        N/A       12%         3
 Summon Guardian Golem    Hex/Summ       14%        N/A       12%         3
 Tukima's Dance           Hex            14%        N/A       12%         3
 Flame Wave               Conj/Fire      25%        3d6       19%         4
 Hailstorm                Conj/Ice       25%        3d7       19%         4
 Alistair's Intoxication  Tmut/Pois      26%        N/A       22%         5
 Yara's Violent Unravell  Hex/Tmut       19%        3d9       22%         5
 Summon Forest            Summ/Tloc      16%        N/A       32%         5
 Airstrike                Air            7%         N/A       36%         4
 Olgreb's Toxic Radiance  Pois           14%        N/A       36%         4
 Summon Ice Beast         Ice/Summ       14%        N/A       36%         4
 Summon Lightning Spire   Summ/Air       14%        N/A       36%         4
 Lightning Bolt           Conj/Air       12%        1d26      45%         5
 Freezing Cloud           Conj/Ice/Air   10%        6-21      54%         5
 Metabolic Englaciation   Hex/Ice        7%         N/A       73%         5
 Silence                  Hex/Air        7%         N/A       73%         5
 Eringya's Noxious Bog    Tmut/Pois      19%        N/A       75%         6
 Summon Cactus Giant      Summ           7%         N/A       99%         6
 Necromutation            Tmut/Necr      33%        N/A       99%         8
 Spellforged Servitor     Conj/Summ      12%        N/A       100%        7
 Storm Form               Tmut/Air       19%        N/A       100%        7
 Summon Hydra             Summ           7%         N/A       100%        7
 Disjunction              Tloc           26%        N/A       100%        8
 Maxwell's Capacitive Co  Air            7%         ∞         100%        8
 Chain Lightning          Conj/Air       12%        3d16      100%        9
 Death's Door             Necr           35%        N/A       100%        9
 Fire Storm               Conj/Fire      12%        8d3       100%        9
 Shatter                  Erth           35%        3d28*     100%        9
 Statue Form              Tmut/Erth      Unusable   N/A       N/A         6

Dungeon Overview and Level Annotations

Branches:
Dungeon (15/15)            Temple (0/1) D:4            Lair (6/6) D:11
  Swamp (4/4) Lair:2        Snake (4/4) Lair:2        Slime (0/5) Lair:6
    Orc (2/2) D:10            Elf (3/3) Orc:2        Vaults (5/5) D:14
  Crypt (0/3) Vaults:2     Depths (3/4) D:15         WizLab (visited)

Altars:
Cheibriados
Dithmenos
Elyvilon
Fedhas
Gozag
Hepliaklqana
Kikubaaqudgha
Makhleb
Nemelex Xobeh
Sif Muna
Trog
Vehumet
Wu Jian
Xom
The Shining One
Beogh

Shops:
D:1 [   D:10 *   Orc:2 [=*(   Elf:1 !   Elf:2 (   Elf:3 *=:=   Vaults:3 !
Vaults:4 ![[[(   Depths:1 =   Depths:2 *

Portals:
Hell: Depths:1 Depths:2 Depths:3
Abyss: Depths:3
Pandemonium: Depths:2
Ziggurat: Depths:2


Innate Abilities, Weirdness & Mutations

You are immune to sickness and miasma.
Your stone body is resilient. (AC +19)
You are immune to poison.
Your large and strong wings let you fly.
You resist negative energy. (rN+)
You are resistant to electric shocks. (rElec)
You are resistant to unholy torment.
You are immune to petrification.
You have a somewhat thin skeletal structure. (Dex +2, Stealth+)
You heal very quickly.
You expend magic power (3 MP) to strengthen your wands.


Message History

No target in view!
No target in view!
No target in view!
No target in view!
No target in view!
No target in view!
No target in view!
There is a strange disturbance nearby!
You hit something but do no damage.
Something touches you but does no damage.
You completely miss something. Something misses you.
You miss something.
You hear some strange, mumbled words.
A bolt of acid appears from out of thin air!
The bolt of acid hits you!!! The acid corrodes you!
You sock something!
Something touches you but does no damage.
You hit something but do no damage.
Something touches you but does no damage.
You barely miss something.
You hear some strange, mumbled words.
A bolt of acid appears from out of thin air!
Your +3 warlock's mirror {reflect} reflects the bolt of acid!
The bolt of acid hits something!!
The acid corrodes something!
You puncture something!
Something touches you but does no damage.
You hit something but do no damage.
You hear some strange, mumbled words.
A crystal spear appears from out of thin air!
The crystal spear hits you!!!
* * * LOW HITPOINT WARNING * * *
You impale something!!
You hear some strange, mumbled words.
Your +3 warlock's mirror {reflect} reflects the Petrify!
You closely miss something.
Something touches you but does no damage.
You hear some strange, mumbled words.
A bolt of acid appears from out of thin air!
The bolt of acid hits you!!!
You die...

##### ##### ..... ....#
..... ....#
##############
######....#
.##...#.......##..##.....
.##..##...........##..#
.....##.. #.....).....#
.....#...######.@.)...#
##...#....(.}##.{##...#
##..##......"#)..##..##
....######...#.....).##
........##.)##.(......#
#........)..######....#
#####..)....#...##..###
...######}[.#.......###
..(#[}[######[........#


There were no monsters in sight!

Vanquished Creatures
  A dread lich (Vaults:5)
  Mara (Vaults:2)
  A juggernaut (Depths:3)
  Sojobo (Depths:2)
  Boris (Vaults:2)
  Margery (Vaults:3)
  9 caustic shrikes
  6 golden dragons
  Jorgrun (Orc:1)
  8 tentacled monstrosities
  The ghost of confidenceinterval the Necromancer, an adept GrIE of Ashenzari (Depths:2)
  5 liches
  2 walking crystal tomes (WizLab)
  Mlioglotl (Swamp:1)
  A titan (Depths:3)
  3 deep elf blademasters (Elf:3)
  2 quicksilver dragons (Snake:4)
  2 deep elf master archers (Elf:3)
  3 walking frostbound tomes
  A walking divine tome (Depths:3)
  An Executioner (Abyss:2)
  Kirke (Swamp:2)
  Agnes (Elf:1)
  4 sphinxes
  Frances (Swamp:1)
  Gastronok (Lair:3)
  A thorn hunter (Swamp:3)
  Roxanne (D:14)
  8 tengu reavers
  A storm dragon (Vaults:5)
  Donald (Vaults:4)
  2 fenstrider witches
  3 nagarajas
  2 strange machines (WizLab)
  6 shadow dragons
  5 iron dragons
  21 vault wardens
  8 fire giants
  7 frost giants
  The ghost of bgiannan the Warrior, a journeyman MiFi of Okawaru (Orc:2)
  9 deep elf sorcerers
  Aizul (Snake:3)
  2 orc warlords
  2 ghouls (Swamp:3)
  6 deep elf elementalists
  A spriggan defender (Depths:3)
  20 ironbound preservers
  An angel (Abyss:3)
  6 war gargoyles
  A quicksilver ooze (shapeshifter) (Vaults:2)
  23 very ugly things
  13 stone giants
  A caustic shrike skeleton (Depths:2)
  A reaper (Depths:2)
  Nessos (Orc:2)
  An ophan (Abyss:2)
  4 deep elf demonologists
  A vampire knight (Depths:3)
  2 entropy weavers
  6 deep elf annihilators
  An entropy weaver (shapeshifter) (Depths:3)
  14 spark wasps
  7 bunyips
  Snorg (Lair:6)
  The ghost of Pomae the Thaumaturge, a journeyman DEEE of Dithmenos (D:12)
  8 deep elf death magi
  A blizzard demon (Abyss:2)
  2 crystal guardians
  The ghost of Mexzic the Blocker, a journeyman TeCj of Vehumet (Lair:4)
  6 ettins
  2 shambling mangroves (Swamp:4)
  The ghost of Tevar the Grappler, a journeyman TrAK of Lugonu (Lair:3)
  13 yaktaur captains
  5 great orbs of eyes
  7 deep elf high priests
  Josephine (D:14)
  10 eleionomae
  Erolcha (Orc:1)
  3 fire dragons
  3 ice dragons
  9 rakshasas
  29 hydras
  4 peacekeepers
  6 boulder beetles
  6 ironbound thunderhulks
  16 naga warriors
  9 ironbound frosthearts
  35 vault guards
  A ghost crab (Swamp:1)
  2 ogre magi
  A death knight (D:14)
  6 salamander tyrants
  9 anacondas
  4 spriggan air magi (Depths:3)
  2 catoblepae (Lair:6)
  12 alligators
  9 centaur warriors
  5 death yaks (Lair:6)
  A two-headed ogre (D:12)
  41 dancing weapons
  A hell hog (Abyss:3)
  6 tengu warriors
  10 deep troll shamans
  Urug (Orc:2)
  13 deep troll earth magi
  5 naga sharpshooters
  4 orc high priests
  A thrashing horror (Abyss:2)
  7 spriggan berserkers
  5 shock serpents
  7 hell knights
  12 deep elf knights
  2 wretched stars (Abyss:2)
  A golden dragon zombie (Depths:2)
  2 salamander mystics
  9 iron trolls
  8 skeletal warriors
  A spark wasp zombie (D:15)
  A death drake (shapeshifter) (Vaults:4)
  4 goliath frogs
  A sixfirhy (Abyss:2)
  2 starcursed masses (Abyss:2)
  2 flayed ghosts (Depths:3)
  2 spriggan druids
  An orange crystal statue (Depths:1)
  12 swamp dragons
  6 bog bodies
  4 glowing orange brains
  A swamp dragon (shapeshifter) (Vaults:5)
  75 deep trolls
  13 deep elf archers
  A deep troll (shapeshifter) (Vaults:5)
  7 lindwurms
  24 wizards
  4 phantasmal warriors
  9 naga ritualists
  8 harpies
  87 ugly things
  17 ironbound convokers
  8 necromancers
  30 deep elf pyromancers
  24 deep elf zephyrmancers
  5 orc sorcerers
  2 manticores (D:14)
  9 salamanders
  A shining eye (shapeshifter) (Depths:1)
  7 mana vipers
  2 will-o-the-wisps (Swamp:1)
  6 orc knights
  3 cyclopes
  21 elephants
  2 salamanders (shapeshifter)
  Maurice (Orc:1)
  51 black mambas
  8 guardian serpents
  14 vault sentinels
  2 guardian serpents (shapeshifter)
  The ghost of anet the Covert, a novice GnDe (D:4)
  13 naga magi
  The ghost of Veteran the Shield-Bearer, a novice FoFi (D:4)
  2 gargoyles (D:12)
  5 smoke demons
  An orange demon (Abyss:2)
  12 cane toads
  An unseen horror (D:12)
  8 komodo dragons
  8 freezing wraiths
  A kobold demonologist (D:14)
  A yaktaur zombie (Vaults:1)
  A rime drake (Lair:5)
  5 hellwings (Abyss:2)
  38 yaktaurs
  An elf skeleton (Vaults:2)
  A tengu conjurer (Depths:2)
  2 polar bears (Lair:3)
  3 trolls
  A yaktaur skeleton (Vaults:2)
  A silent spectre (Abyss:3)
  2 ancient zymes
  13 hornets
  A jumping spider (shapeshifter) (Depths:3)
  8 tyrant leeches
  5 blink frogs (Lair:6)
  A deep troll zombie (Vaults:1)
  A spriggan zombie (D:15)
  18 slime creatures
  4 dream sheep (Lair:6)
  A tengu simulacrum (Vaults:2)
  A human simulacrum (Vaults:2)
  A dream sheep (shapeshifter) (Depths:3)
  A raiju (Abyss:2)
  2 ettin zombies
  4 air elementals
  4 redbacks
  11 spriggans
  2 tarantellas (Vaults:4)
  A vampire (D:13)
  12 water elementals
  9 wraiths
  7 wyverns
  A hog (Swamp:2)
  4 basilisks
  3 shadows
  2 ynoxinuls
  The ghost of benitares the Chopper, an amateur HOFi (D:4)
  48 yaks
  6 fire elementals
  10 vampire mosquitoes
  36 nagas
  2 small abominations (Abyss:2)
  The ghost of Fenrisus the Insei, an amateur OpTm (D:3)
  An acid dragon (D:12)
  15 swamp worms
  12 water moccasins
  4 wargs
  The ghost of Decritt the Sneak, an amateur SpEn (D:4)
  A meliai simulacrum (D:14)
  32 orc warriors
  12 swamp drakes
  2 tengu skeletons
  2 sky beasts (D:7)
  3 black bears
  3 ice beasts
  4 necrophages
  4 large abominations (Abyss:2)
  6 ogres
  4 boggarts (Vaults:1)
  25 wolves
  5 centaurs
  13 kobold brigands
  Blork the orc (Orc:2)
  4 gnoll sergeants
  9 bullfrogs
  A wyvern zombie (D:8)
  A glowing shapeshifter simulacrum (Vaults:2)
  2 earth elementals
  4 scorpions
  9 killer bees
  4 wights (D:8)
  An electric eel (Lair:2)
  A howler monkey (D:5)
  4 centaur zombies
  A bullfrog zombie (D:7)
  9 hounds
  3 jellies
  21 orc priests
  A centaur skeleton (D:4)
  2 iguanas (D:5)
  2 gnoll shamans
  2 lightning spires (Swamp:1)
  5 hell rats
  27 orc wizards
  A scorpion zombie (D:5)
  A killer bee zombie (D:5)
  A hound skeleton (D:5)
  A howler monkey skeleton (D:5)
  27 gnolls
  7 adders
  2 shadow imps
  A white imp (Abyss:2)
  2 ufetubi
  A worm (D:3)
  4 dart slugs
  90 orcs
  5 endoplasms
  2 giant cockroaches
  11 goblins
  3 hobgoblins
  4 jackals (D:2)
  A quokka (D:1)
  6 ball pythons
  11 bats
  A frilled lizard (D:1)
  16 kobolds
  8 rats
  A bush (D:11)
1896 creatures vanquished.

Vanquished Creatures (collateral kills)
  A smoke demon (Abyss:2)
  A hellwing (Abyss:2)
  3 orc warriors
  A gnoll (D:7)
  4 orcs
  A kobold (D:7)
11 creatures vanquished.

Vanquished Creatures (others)
  Bai Suzhen (Swamp:4)
  A rakshasa (WizLab)
  A dancing weapon (Elf:2)
  4 deep elf knights
  A deep troll (Vaults:5)
  An orc knight (Orc:1)
  3 wizards
  An ugly thing (Swamp:1)
  A will-o-the-wisp (Swamp:1)
  A centaur skeleton (Abyss:2)
  3 bloated husks
  A hornet (Swamp:4)
  A spriggan (Swamp:4)
  2 humans (Swamp:2)
  2 yaks (D:10)
  2 nagas
  An orc warrior (Orc:1)
  A swamp drake (Swamp:4)
  An orc wizard (D:14)
  3 orcs
  2 ball lightnings (Swamp:1)
  A bush (D:11)
  10 foxfires (Swamp:1)
  28 fungi
  69 plants
  2 starspawn tentacles (Abyss:2)
144 creatures vanquished.

Grand Total: 2051 creatures vanquished

Notes
Turn   | Place    | Note
-------+----------+-------------------------------------------
     0 | D:1      | Ijustatesigmund the Gargoyle Fighter began the quest for
                  | the Orb.
     0 | D:1      | Reached XP level 1. HP: 14/14 MP: 1/1
   168 | D:1      | Reached XP level 2. HP: 19/19 MP: 2/2
   266 | D:1      | Found a faded altar of an unknown god.
   375 | D:1      | Found Saerph's Antique Armour Boutique.
   441 | D:1      | Reached XP level 3. HP: 24/24 MP: 3/3
  1773 | D:3      | Reached XP level 4. HP: 30/30 MP: 4/4
  2075 | D:3      | Found an opulent altar of Gozag.
  2169 | D:3      | Reached XP level 5. HP: 11/34 MP: 5/5
  2182 | D:3      | Reached skill level 5 in Fighting
  2274 | D:3      | Found a large runed translucent door.
  2275 | D:3      | Found a large runed translucent door.
  2275 | D:3      | Noticed Fenrisus's ghost (amateur OpTm)
  2431 | D:3      | Found a shadowy altar of Dithmenos.
  2673 | D:3      | Found a glowing golden altar of the Shining One.
  2828 | D:4      | Found a snail-covered altar of Cheibriados.
  2831 | D:4      | Found a blossoming altar of Fedhas.
  2831 | D:4      | Found a shimmering altar of Xom.
  2831 | D:4      | Found a hazy altar of Hepliaklqana.
  2871 | D:4      | Found a staircase to the Ecumenical Temple.
  3021 | D:4      | Noticed an ogre
  3024 | D:4      | Killed an ogre
  3025 | D:4      | Reached XP level 6. HP: 40/40 MP: 6/6
  3049 | D:4      | Found a sparkling altar of Nemelex Xobeh.
  3101 | D:4      | Found an ancient bone altar of Kikubaaqudgha.
  3110 | D:4      | Noticed a necrophage
  3120 | D:4      | Killed a necrophage
  3121 | D:4      | Reached skill level 4 in Armour
  3253 | D:4      | Reached XP level 7. HP: 46/46 MP: 7/7
  3257 | D:4      | Found a runed translucent gate.
  3258 | D:4      | Found a runed translucent gate.
  3258 | D:4      | Found a runed translucent gate.
  3258 | D:4      | Noticed benitares's ghost (amateur HOFi)
  3258 | D:4      | Noticed Veteran's ghost (novice FoFi)
  3258 | D:4      | Noticed anet's ghost (novice GnDe)
  3259 | D:4      | Noticed Decritt's ghost (amateur SpEn)
  3265 | D:4      | Reached skill level 5 in Maces & Flails
  3544 | D:4      | Reached skill level 5 in Armour
  3832 | D:5      | Entered Level 5 of the Dungeon
  4064 | D:5      | Reached XP level 8. HP: 51/52 MP: 8/8
  4230 | D:5      | Reached skill level 6 in Armour
  5565 | D:6      | Reached skill level 7 in Armour
  5592 | D:6      | Reached XP level 9. HP: 59/59 MP: 9/9
  6085 | D:1      | Bought a shimmering buckler for 190 gold pieces
  6085 | D:1      | Identified the +0 buckler of Yesterday {*Corrode MP+9 Str+8
                  | Dex+2} (You bought it in a shop on level 1 of the Dungeon)
  6141 | D:4      | Became a worshipper of Cheibriados the Contemplative
  6300 | D:6      | Got the Grimoire of Quantum Malediction
  6619 | D:7      | Found a white marble altar of Elyvilon.
  6695 | D:7      | Reached skill level 1 in Dodging
  7372 | D:7      | Reached * piety under Cheibriados
  8325 | D:8      | Noticed a boulder beetle
  8404 | D:8      | Reached ** piety under Cheibriados
  8544 | D:8      | Reached skill level 5 in Shields
  8561 | D:8      | Reached XP level 10. HP: 65/66 MP: 10/10
  9551 | D:9      | Reached skill level 10 in Fighting
  9853 | D:9      | Reached skill level 1 in Invocations
 10504 | D:10     | Entered Level 10 of the Dungeon
 10520 | D:10     | Found a bloodstained altar of Trog.
 10626 | D:10     | Reached *** piety under Cheibriados
 10678 | D:10     | Found a staircase to the Orcish Mines.
 11062 | D:1      | Bought a smoking troll leather armour for 400 gold pieces
 11062 | D:1      | Identified the +4 troll leather armour of the Carpenter
                  | {rElec Regen+} (You bought it in a shop on level 1 of the
                  | Dungeon)
 11280 | D:10     | Found Axibb's Serpentskin Sales.
 11385 | D:10     | Found a shimmering blue altar of Sif Muna.
 11512 | D:10     | Reached XP level 11. HP: 38/74 MP: 14/14
 11516 | D:10     | Reached skill level 10 in Maces & Flails
 11752 | D:10     | Found a burning altar of Makhleb.
 11789 | D:11     | Reached **** piety under Cheibriados
 11815 | D:11     | Reached skill level 5 in Invocations
 11969 | D:11     | Noticed a white ugly thing
 11992 | D:11     | Killed a white ugly thing
 12048 | D:11     | Found a staircase to the Lair.
 12489 | D:11     | Identified a scroll of acquirement
 12489 | D:11     | Acquired a manual of Shields
 12792 | D:12     | Reached ***** piety under Cheibriados
 12848 | D:12     | Noticed a six-headed hydra
 12860 | D:12     | Killed a six-headed hydra
 12937 | D:12     | Found a transporter.
 12937 | D:12     | Noticed Pomae's ghost (journeyman DEEE)
 12938 | D:12     | Found a transporter.
 12938 | D:12     | Noticed a two-headed ogre
 12940 | D:12     | Noticed an eight-headed hydra
 12940 | D:12     | Noticed a cyclops
 12944 | D:12     | Noticed a deep troll earth mage
 12965 | D:13     | Noticed a white ugly thing
 12965 | D:13     | Noticed a green ugly thing
 12966 | D:13     | Noticed a wizard
 12990 | D:12     | Reached XP level 12. HP: 77/82 MP: 17/17
 13111 | D:12     | Identified the +9 ice dragon scales "Iprimisk" {Harm Drain
                  | rF- rC++ MP+9}
 13258 | D:13     | Cast into level 2 of the Abyss (a wizard)
 13559 | Abyss:2  | Reached skill level 1 in Evocations
 13619 | Abyss:2  | Noticed a starcursed mass
 13632 | Abyss:2  | Killed a starcursed mass
 13635 | Abyss:2  | Killed a starcursed mass
 13785 | Abyss:3  | Found a corrupted altar of Lugonu.
 13788 | Abyss:3  | Noticed a hell hog
 13788 | Abyss:3  | Noticed a lich
 13800 | Abyss:3  | Reached skill level 10 in Shields
 13810 | Abyss:3  | Found a corrupted altar of Lugonu.
 14013 | Abyss:3  | Killed a lich
 14021 | Abyss:3  | Noticed an angel
 14027 | Abyss:3  | Found a corrupted altar of Lugonu.
 14035 | Abyss:3  | Acquired a +2 eveningstar of holy wrath
 14072 | Abyss:3  | Killed a hell hog
 14087 | Abyss:3  | Killed an angel
 14095 | D:13     | Escaped the Abyss
 14302 | D:12     | Reached XP level 13. HP: 75/87 MP: 14/20
 14323 | D:12     | Reached skill level 5 in Evocations
 14453 | D:13     | Cast into level 2 of the Abyss (a wizard)
 14453 | Abyss:2  | Found a corrupted altar of Lugonu.
 14494 | Abyss:2  | Reached skill level 10 in Invocations
 14791 | Abyss:2  | Noticed an ophan
 14802 | Abyss:2  | Noticed a tentacled starspawn
 15018 | Abyss:2  | Killed an ophan
 15022 | Abyss:2  | Noticed an Executioner
 15029 | Abyss:2  | Killed an Executioner
 15084 | Abyss:2  | Gained mutation: Armour fits poorly on your strangely
                  | shaped body. [a shining eye]
 15085 | Abyss:2  | Gained mutation: You are dopey. (Int -2) [a shining eye]
 15091 | Abyss:2  | Noticed a blizzard demon
 15114 | Abyss:2  | Killed a blizzard demon
 15273 | D:13     | Escaped the Abyss
 15522 | D:13     | Reached skill level 8 in Armour
 15959 | D:13     | Found the +3 warlock's mirror {reflect}
 16124 | D:13     | Cast into level 3 of the Abyss (a wizard)
 16124 | Abyss:3  | Noticed an entropy weaver
 16127 | Abyss:3  | Noticed a ghost moth
 16129 | D:13     | Escaped the Abyss
 16372 | Lair:1   | Entered Level 1 of the Lair of Beasts
 16729 | Lair:1   | Gained mutation: Your large and strong wings let you fly.
                  | [Gargoyle growth]
 16729 | Lair:1   | Reached XP level 14. HP: 92/92 MP: 22/22
 17086 | Lair:1   | You are sucked into a shaft and drop 1 floor!
 17493 | Lair:2   | Reached skill level 15 in Shields
 17540 | Lair:2   | Found a staircase to the Snake Pit.
 17677 | Lair:2   | Found a staircase to the Swamp.
 18441 | Lair:3   | Noticed Gastronok
 18453 | Lair:3   | Killed Gastronok
 18625 | Lair:3   | Found a runed translucent gate.
 18625 | Lair:3   | Found a runed translucent gate.
 18625 | Lair:3   | Found a runed translucent gate.
 19200 | Lair:3   | Noticed Tevar's ghost (journeyman TrAK)
 19256 | Lair:4   | Reached ****** piety under Cheibriados
 19571 | Lair:4   | Found a runed translucent door.
 19571 | Lair:4   | Noticed Mexzic's ghost (journeyman TeCj)
 20752 | Lair:6   | Entered Level 6 of the Lair of Beasts
 20759 | Lair:6   | Lost mutation: You are dopey. (Int -2) [potion of mutation]
 20759 | Lair:6   | Lost mutation: Armour fits poorly on your strangely shaped
                  | body. [potion of mutation]
 20759 | Lair:6   | Gained mutation: Your natural rate of healing is unusually
                  | fast. [potion of mutation]
 20759 | Lair:6   | Gained mutation: You expend magic power (3 MP) to
                  | strengthen your wands. [potion of mutation]
 20759 | Lair:6   | Gained mutation: You heal very quickly. [potion of
                  | mutation]
 20759 | Lair:6   | Gained mutation: You have a somewhat thin skeletal
                  | structure. (Dex +2, Stealth+) [potion of mutation]
 20773 | Lair:6   | Noticed Snorg
 20784 | Lair:6   | Killed Snorg
 20929 | Lair:6   | Found a staircase to the Slime Pits.
 20938 | Lair:6   | Reached XP level 15. HP: 100/100 MP: 24/24
 20995 | Lair:6   | Reached skill level 9 in Armour
 21942 | Lair:6   | Reached skill level 5 in Dodging
 22175 | Orc:1    | Entered Level 1 of the Orcish Mines
 22175 | Orc:1    | Noticed Maurice
 22180 | Orc:1    | Killed Maurice
 22231 | Orc:1    | Noticed Erolcha
 22238 | Orc:1    | Killed Erolcha
 22581 | Orc:1    | Noticed Jorgrun
 22599 | Orc:1    | Killed Jorgrun
 22836 | Orc:2    | Entered Level 2 of the Orcish Mines
 22836 | Orc:2    | Found a large runed translucent door.
 22837 | Orc:2    | Found a large runed translucent door.
 22995 | Orc:2    | Paralysed by an orc sorcerer for 7 turns
 23058 | Orc:2    | Noticed an orc warlord
 23059 | Orc:2    | Noticed Urug
 23080 | Orc:1    | Killed an orc warlord
 23194 | Orc:2    | Killed Urug
 23211 | Orc:2    | Reached skill level 10 in Armour
 23282 | Orc:2    | Noticed Blork the orc
 23369 | Orc:2    | Killed Blork the orc
 23387 | Orc:2    | Paralysed by an orc sorcerer for 2 turns
 23571 | Orc:2    | Found Teqyhuodgh's Jewellery Boutique.
 23574 | Orc:2    | Found Ycvolufi's Antique Armour Boutique.
 23601 | Orc:2    | Bought a twisted chain mail for 304 gold pieces
 23601 | Orc:2    | Identified the +1 chain mail "Ecotsitu" {Will- rCorr Int+4}
                  | (You bought it in a shop on level 2 of the Orcish Mines)
 23663 | Orc:2    | Found Biuxtudgh's Antique Weapon Boutique.
 23814 | Orc:2    | Noticed Nessos
 23840 | Orc:2    | Killed Nessos
 24000 | Orc:2    | Found Juhilap's General Store.
 24016 | Orc:2    | Noticed bgiannan's ghost (journeyman MiFi)
 24101 | Orc:2    | Found a staircase to the Elven Halls.
 24230 | Orc:2    | Killed bgiannan's ghost
 24242 | Orc:2    | Identified the +4 spear "Xepub" {flame, Dex+6}
 24444 | D:14     | Noticed Josephine
 24458 | D:14     | Killed Josephine
 24472 | D:14     | Found a gateway to a bazaar.
 24491 | Bazaar   | Entered a bazaar
 24494 | Bazaar   | Found Nifaf's Weapon Shop.
 24507 | Bazaar   | Found Ynuaq's Book Shop.
 24520 | Bazaar   | Found Hottutz's Antique Armour Shop.
 24547 | Bazaar   | Found Haru Roa's Book Boutique.
 24581 | Bazaar   | Bought a runed scarf for 136 gold pieces
 24706 | D:14     | Reached skill level 15 in Fighting
 24722 | D:14     | Reached XP level 16. HP: 108/108 MP: 26/26
 24750 | D:14     | Identified Roxanne's Guide on Shape Shifting
 24750 | D:14     | Noticed Roxanne
 24848 | D:14     | Got Unetzara's Incunabulum of Air and Cold
 24874 | D:14     | Found a gate to the Vaults.
 25425 | D:14     | Killed Roxanne
 25476 | D:15     | Entered Level 15 of the Dungeon
 25786 | D:15     | Found an ornate altar of the Wu Jian Council.
 25799 | D:15     | Reached skill level 11 in Armour
 25854 | D:15     | Found a staircase to the Depths.
 26400 | Swamp:1  | Entered Level 1 of the Swamp
 26425 | Swamp:1  | Noticed Mlioglotl
 26442 | Swamp:1  | Found a frozen archway.
 26442 | Swamp:1  | Noticed Frances
 26489 | Swamp:1  | Killed Mlioglotl
 26722 | Swamp:1  | Killed Frances
 27344 | Swamp:2  | Noticed Kirke
 27356 | Swamp:2  | Killed Kirke
 27357 | Swamp:2  | Reached skill level 1 in Stealth
 27585 | Swamp:2  | Noticed a tentacled monstrosity
 27596 | Swamp:2  | Killed a tentacled monstrosity
 27628 | Swamp:2  | Reached XP level 17. HP: 79/115 MP: 24/28
 27811 | Swamp:2  | Reached skill level 15 in Invocations
 28035 | Swamp:3  | Found a shimmering altar of Xom.
 28036 | Swamp:3  | Upgraded the game from 0.28-a0-821-g923ab73998 to
                  | 0.28-a0-823-gb444dcf96d
 28141 | Swamp:3  | Reached skill level 5 in Stealth
 28712 | Swamp:4  | Entered Level 4 of the Swamp
 28717 | Swamp:4  | Acquired a manual of Dodging
 28875 | Swamp:4  | Reached skill level 10 in Dodging
 29035 | Swamp:4  | Got a decaying rune of Zot
 29203 | Swamp:4  | Noticed Bai Suzhen
 29577 | Swamp:4  | Reached XP level 18. HP: 120/120 MP: 29/29
 29604 | Swamp:4  | Killed Bai Suzhen
 29709 | Swamp:4  | Identified the +4 plate armour "Caacaa Zuatt" {Rampage
                  | rPois Str-2 Int+5}
 29727 | Swamp:4  | Learned a level 2 spell: Wereblood
 29922 | Snake:1  | Entered Level 1 of the Snake Pit
 29984 | Snake:1  | Reached skill level 15 in Maces & Flails
 29989 | Snake:1  | Reached skill level 1 in Transmutations
 30955 | Snake:2  | You are sucked into a shaft and drop 1 floor!
 31067 | Snake:3  | Found a radiant altar of Vehumet.
 31070 | Snake:3  | Noticed Aizul
 31094 | Snake:3  | Killed Aizul
 31141 | Snake:3  | Reached skill level 5 in Transmutations
 32288 | Snake:4  | Entered Level 4 of the Snake Pit
 32468 | Snake:4  | Reached XP level 19. HP: 127/127 MP: 30/30
 33090 | Snake:4  | Got a serpentine rune of Zot
 33137 | Snake:4  | Reached skill level 1 in Spellcasting
 33557 | Depths:1 | Entered Level 1 of the Depths
 33611 | Depths:1 | Paralysed by a great orb of eyes for 5 turns
 33663 | Depths:1 | You are sucked into a shaft and drop 1 floor!
 33703 | Depths:2 | Found a transporter.
 33833 | Depths:1 | You are sucked into a shaft and drop 1 floor!
 33833 | Depths:2 | Found a transporter.
 33837 | Depths:2 | Noticed a golden dragon
 33838 | Depths:2 | Noticed confidenceinterval's ghost (adept GrIE)
 33839 | Depths:2 | Noticed a caustic shrike
 33855 | Depths:2 | Noticed a golden dragon
 33882 | Depths:2 | Noticed Sojobo
 33912 | Depths:2 | Killed Sojobo
 33913 | Depths:2 | Reached skill level 5 in Spellcasting
 34007 | Depths:2 | Found a one-way gate leading to the halls of Pandemonium.
 34029 | Depths:2 | Noticed a golden dragon
 34039 | Depths:2 | Killed a golden dragon
 34177 | Depths:2 | Found a gateway to a ziggurat.
 34306 | Depths:2 | Found Poyn's General Store.
 34323 | Depths:2 | Bought a potion of curing for 60 gold pieces
 34323 | Depths:2 | Bought a scroll of fog for 40 gold pieces
 34323 | Depths:2 | Bought a scroll of fear for 70 gold pieces
 34323 | Depths:2 | Bought a potion of curing for 60 gold pieces
 34660 | Depths:2 | Found a gateway to Hell.
 34705 | Depths:2 | Reached XP level 20. HP: 134/134 MP: 32/32
 35137 | Depths:1 | Found Paofier's Jewellery Shoppe.
 35148 | Depths:1 | Bought the amulet "Wummuuwn" {Reflect Harm rF++ Int+2 SH+5}
                  | for 704 gold pieces
 35371 | Depths:1 | Learned a level 5 spell: Borgnjor's Vile Clutch
 35616 | Depths:1 | Reached skill level 1 in Necromancy
 35620 | Depths:1 | Reached skill level 1 in Earth Magic
 35879 | Depths:3 | Found a one-way gate to the infinite horrors of the Abyss.
 36261 | Depths:3 | Noticed a golden dragon
 36277 | Depths:3 | Noticed a caustic shrike
 36588 | Depths:3 | Found a white marble altar of Elyvilon.
 36617 | Depths:3 | Noticed a caustic shrike
 36618 | Depths:3 | Noticed a caustic shrike
 36618 | Depths:3 | Noticed a caustic shrike
 36622 | Depths:3 | Killed a caustic shrike
 36627 | Depths:3 | Killed a caustic shrike
 36627 | Depths:3 | Killed a caustic shrike
 36627 | Depths:3 | Killed a caustic shrike
 36628 | Depths:3 | Reached skill level 5 in Necromancy
 36628 | Depths:3 | Reached skill level 5 in Earth Magic
 36633 | Depths:3 | Killed a golden dragon
 36789 | Depths:3 | Reached XP level 21. HP: 139/139 MP: 33/33
 36815 | Depths:3 | Paralysed by a vampire knight for 5 turns
 36824 | Depths:3 | Noticed a golden dragon
 37010 | Depths:3 | Noticed a caustic shrike
 37284 | Depths:3 | Noticed a golden dragon
 37290 | Depths:3 | Noticed a juggernaut
 37300 | Depths:3 | Killed a golden dragon
 37311 | Depths:3 | Killed a juggernaut
 37334 | Depths:3 | Learned a level 2 spell: Blink
 37421 | Depths:3 | Noticed a caustic shrike
 37421 | Depths:3 | Noticed a caustic shrike
 37423 | Depths:3 | Noticed a caustic shrike
 37430 | Depths:3 | Killed a caustic shrike
 37432 | Depths:3 | Killed a caustic shrike
 37432 | Depths:3 | Killed a caustic shrike
 37433 | Depths:3 | Reached skill level 1 in Translocations
 37433 | Depths:3 | Killed a caustic shrike
 37727 | Depths:3 | Killed a golden dragon
 37754 | Depths:3 | Found the +8 Vampire's Tooth {vamp}
 37758 | Depths:3 | Identified the +10 battleaxe of Exquisite Torment {drain,
                  | +Blink}
 37934 | Depths:3 | Got the Grimoire of the Lamprey
 38096 | Vaults:1 | Entered Level 1 of the Vaults
 38237 | Vaults:1 | Found a magical portal.
 38246 | WizLab   | Entered Tukima's Studio
 38331 | WizLab   | Noticed Ijustatesigmund's illusion
 38364 | WizLab   | Noticed Ijustatesigmund's illusion
 38410 | WizLab   | Identified the +1 cloak of the Game Afoot {Int+2}
 38531 | WizLab   | Identified the +2 pair of boots of the Other Side {rF+
                  | Regen+ Dex-4}
 38938 | Vaults:1 | Reached XP level 22. HP: 144/144 MP: 35/35
 39594 | Vaults:2 | Found a staircase to the Crypt.
 39696 | Vaults:2 | Noticed Boris
 39723 | Vaults:2 | Killed Boris
 39724 | Vaults:2 | Reached skill level 10 in Necromancy
 39727 | Vaults:2 | Reached skill level 10 in Earth Magic
 39989 | Vaults:2 | Reached skill level 5 in Translocations
 40075 | Vaults:2 | Noticed Mara
 40087 | Vaults:2 | Noticed Ijustatesigmund's illusion
 40115 | Vaults:2 | Noticed Ijustatesigmund's illusion
 40123 | Vaults:2 | Killed Mara
 40788 | Vaults:2 | Found a transporter.
 40805 | Vaults:2 | Found a transporter.
 41014 | Vaults:2 | Identified the -1 cloak of Unot Kewk {Drain Int+7}
 41427 | D:3      | Killed Fenrisus's ghost
 41508 | D:4      | Killed anet's ghost
 41511 | D:4      | Killed Veteran's ghost
 41517 | D:4      | Killed benitares's ghost
 41519 | D:4      | Killed Decritt's ghost
 41766 | D:12     | Killed Pomae's ghost
 41906 | Lair:3   | Killed Tevar's ghost
 41984 | Lair:4   | Killed Mexzic's ghost
 42225 | Depths:2 | Killed a golden dragon
 42229 | Depths:2 | Killed a caustic shrike
 42230 | Depths:2 | Reached skill level 12 in Armour
 42241 | Depths:2 | Killed a golden dragon
 42291 | Depths:2 | Killed confidenceinterval's ghost
 42295 | Depths:2 | Identified the +2 helmet "Woaref" {rN+ Regen+ MP+9 Str+4
                  | Int-2}
 42594 | Elf:1    | Entered Level 1 of the Elven Halls
 42643 | Elf:1    | Reached XP level 23. HP: 149/149 MP: 36/36
 42718 | Elf:1    | Reached skill level 13 in Armour
 42726 | Elf:1    | Noticed Agnes
 42753 | Elf:1    | Killed Agnes
 42956 | Elf:1    | Found Geixic's Distillery.
 42960 | Elf:1    | Bought a potion of heal wounds for 75 gold pieces
 42960 | Elf:1    | Bought a potion of heal wounds for 75 gold pieces
 42960 | Elf:1    | Bought a potion of magic for 120 gold pieces
 42960 | Elf:1    | Bought 2 potions of cancellation for 240 gold pieces
 42960 | Elf:1    | Bought a potion of heal wounds for 75 gold pieces
 42960 | Elf:1    | Bought a potion of magic for 120 gold pieces
 43054 | Elf:1    | Got the Almanac of Damage Dealing and Illusion
 43339 | Elf:1    | Reached skill level 14 in Armour
 43545 | Elf:2    | Paralysed by an air elemental for 1 turns
 43699 | Elf:2    | Found a runed translucent gate.
 43699 | Elf:2    | Found a runed translucent gate.
 43699 | Elf:2    | Found a runed translucent gate.
 43791 | Elf:2    | Reached skill level 15 in Armour
 44092 | Elf:2    | Found Gamopp's Antique Weapon Boutique.
 44338 | Elf:2    | Reached skill level 16 in Armour
 44572 | Elf:3    | Entered Level 3 of the Elven Halls
 44572 | Elf:3    | Found Pepaqouh's General Store.
 44582 | Elf:3    | Bought a potion of heal wounds for 65 gold pieces
 44637 | Elf:3    | Found an ancient bone altar of Kikubaaqudgha.
 45097 | Elf:3    | Reached skill level 17 in Armour
 45113 | Elf:3    | Identified the +3 long sword of Strategic Superiority
                  | {vorpal, Dex+3}
 45123 | Elf:3    | Reached skill level 18 in Armour
 45360 | Elf:3    | Found the +4 robe of Folly {Brilliance Will-∞ Int+8}
 45365 | Elf:3    | Identified the +6 great mace of Uncomfortable Rashes
                  | {vorpal, Fragile rN+ Int+6}
 45458 | Elf:3    | Learned a level 3 spell: Lesser Beckoning
 45548 | Elf:3    | Found Timex's Jewellery Emporium.
 45548 | Elf:3    | Found Laamm's Book Boutique.
 45550 | Elf:3    | Found Hailoh's Jewellery Emporium.
 45559 | Elf:3    | Bought the ring "Malehify" {Wiz rC+ Str+2 Int+2 Dex-5} for
                  | 754 gold pieces
 45928 | Vaults:3 | Reached XP level 24. HP: 156/156 MP: 36/36
 46080 | Vaults:3 | Reached skill level 19 in Armour
 46180 | Vaults:3 | Noticed Margery
 46199 | Vaults:3 | Killed Margery
 46463 | Vaults:3 | Reached skill level 20 in Armour
 46707 | Vaults:3 | Found Assaplog's Distillery.
 46731 | Vaults:3 | Bought a potion of heal wounds for 100 gold pieces
 46731 | Vaults:3 | Bought a potion of curing for 60 gold pieces
 46731 | Vaults:3 | Bought a potion of curing for 60 gold pieces
 46731 | Vaults:3 | Bought a potion of heal wounds for 100 gold pieces
 46998 | Vaults:3 | Reached skill level 21 in Armour
 47460 | Vaults:4 | Noticed Donald
 47470 | Vaults:4 | Killed Donald
 47836 | Vaults:4 | Found Egeg's Armour Boutique.
 47934 | Vaults:4 | Found Iguocwui's Antique Armour Shoppe.
 47942 | Vaults:4 | Bought a dazzling scale mail for 342 gold pieces
 47942 | Vaults:4 | Identified the +1 scale mail of Sexycsia {Int+4} (You
                  | bought it in a shop on level 4 of the Vaults)
 47962 | Vaults:4 | Found Oxipeiqi's Distillery.
 47975 | Vaults:4 | Bought a potion of might for 56 gold pieces
 47975 | Vaults:4 | Bought a potion of heal wounds for 70 gold pieces
 47975 | Vaults:4 | Bought a potion of heal wounds for 70 gold pieces
 48250 | Vaults:4 | Found Ilod's Antique Armour Shoppe.
 48292 | Vaults:4 | Found Xinibeas's Antique Weapon Shoppe.
 48835 | Vaults:5 | Entered Level 5 of the Vaults
 48835 | Vaults:5 | Noticed a dread lich
 48841 | Vaults:5 | Reached XP level 25. HP: 141/162 MP: 36/37
 48849 | Vaults:5 | Killed a dread lich
 49253 | Vaults:4 | Learned a level 6 spell: Iron Shot
 49282 | Vaults:4 | Reached skill level 1 in Conjurations
 49533 | Vaults:5 | Got a silver rune of Zot
 49648 | Vaults:5 | Got the Collected Works on Stolen Souls and the Traveller
 49670 | Vaults:5 | Identified the ring "Raihijiv" {Fire Contam *Slow rN+++
                  | Dex+3 Stlth+}
 49753 | Vaults:5 | Noticed an ancient lich
 49767 | Vaults:5 | Killed from afar by an ancient lich

Illustrated notes

Levels and vault maps discovered:
D:1:      giann_bridges, layout_basic, serial_shops, nicolae_shop_stone,
          shapermc_ecumenical_altar_mp_ritualfount
D:2:      layout_loops_ring
D:3:      layout_loops_ring, nicolae_dithmenos_shadow_blocks,
          nicolae_gozag_cash_rules_everything_around_me,
          nicolae_tso_swordbearing_angel, ebering_ghost_disaster_area
D:4:      layout_basic, nicolae_overflow_crystal_walls,
          chequers_temple_overflow_statue_of_worship, kiku_gazebo_pond_becter,
          minmay_temple_entry_large_hall, gammafunk_ghost_cemetery,
          ebering_dispersal_statue_hall
D:5:      layout_cave_pods, kennysheep_generic_room_2
D:6:      layout_basic
D:7:      layout_layer_cave, mainiacjoe_overflow_paths
D:8:      layout_cave_pods
D:9:      layout_stronghold
D:10:     layout_roguey, lightli_temple_of_fire, tgw_sif,
          mainiacjoe_overflow_tiny_flanked, hiddenorc1_lemuel,
          guppyfry_shop_venom
D:11:     layout_rooms, minmay_lair_entry_grove
D:12:     layout_basic, gammafunk_ghost_arena
D:13:     minmay_smoke_and_mirrors, layout_rooms
D:14:     layout_basic, hangedman_vaults_entry_quadrant_bands, serial_glass,
          glass_columns_a, glass_columns_a, serial_shops, bzr_entry_gold,
          minmay_misc_feat_roman, grunt_decor_junction, uniq_josephine,
          uniq_roxanne
D:15:     gammafunk_depths_entry_grave, layout_small_grid,
          nicolae_wu_jian_immortal_techniques
Lair:1:   layout_cave_pods, minivault_23, lemuel_fruit_tree
Lair:2:   layout_regular_city, minmay_swamp_entry_worms, dummy_snake_entry,
          serial_bayou_shore_a, infiniplex_staircase_pool
Lair:3:   layout_regular_city, ebering_ghost_rock_garden,
          gauntlet_entry_generic, grunt_megastairs_1, uniq_gastronok
Lair:4:   layout_concentric_octagons, ebering_ghost_reflecting_pool,
          hangedman_lair_unloving_vines, grunt_megastairs_2
Lair:5:   layout_cave_pods, grunt_forest_small_clearings,
          chequers_serial_rivers_micro_a
Lair:6:   grunt_lair_end_beastmaster, layout_cave_pods,
          minmay_slime_entry_pillars, minmay_stone_trees_small,
          grunt_forest_small_clearing_treed, uniq_snorg
Swamp:1:  layout_basic_swamp, portal_ice_cave_entry_ugly_swarm,
          serial_swamp_ruin, hangedman_swamp_ruin_hall,
          evilmike_swamp_ruin_house_6, evilmike_swamp_ruin_rubble_2,
          hangedman_swamp_phenomena, uniq_mlioglotl, uniq_frances
Swamp:2:  layout_falls_marsh, hangedman_swamp_pad, swamp_pool5,
          st_swamp_ruins_1, uniq_kirke
Swamp:3:  layout_basic_swamp, basic_altar, swamp_pool1,
          nicolae_swamp_frolicking_bunyips
Swamp:4:  swamp_basic_johnstein, layout_basic_swamp, swamp_pool4,
          uniq_bai_suzhen
Snake:1:  layout_grid_shapes, special_room
Snake:2:  layout_onion_interference
Snake:3:  layout_honeycomb, basic_altar, grunt_megastairs_3, uniq_aizul
Snake:4:  hellmonk_snake_rune_quicksilver_temple, layout_onion_interference
Orc:1:    layout_caves, uniq_erolcha, uniq_maurice, uniq_jorgrun
Orc:2:    grunt_orc_cross, layout_caves, ebering_ghost_disaster_area,
          uniq_nessos
Elf:1:    layout_gridlike, serial_shops, nicolae_shop_behind_doors,
          minmay_elf_sorcery, minivault_26, minivault_20,
          nicolae_elf_deep_friendship, uniq_agnes
Elf:2:    nicolae_elf_blades_splatter_lattice [nicolae_blade_bullseye],
          layout_gridlike, serial_shops, nicolae_shop_waterfront, serial_glass,
          glass_columns_b, glass_columns_b, wad_dig_loot
Elf:3:    minmay_elf_hall_quartered_circle, layout_geoelf_grid, basic_altar,
          serial_shops, shop, minmay_misc_feat_diagonals, minmay_shop_grove
Vaults:1: mu_enter_wizlab_5, vaults_room_door_ring,
          hangedman_vaults_corner_blocks, v_alt_pattern_4, vaults_mumra_lcd,
          nicolae_vaults_ring_of_whatevers, nicolae_vaults_little_squares_4,
          st_check, v_misc_19, v_misc_26, nicolae_vaults_specimen_jars,
          v_misc_9, nicolae_vaults_hallways_thing,
          nicolae_vaults_mini_display_case, layout_vaults_omnicross
Vaults:2: nicolae_vaults_big_angled_halls, hangedman_vaults_snaps,
          gammafunk_the_bubble [the_bubble_gammafunk_plus_minus], v_misc_10,
          nicolae_vaults_twisting_passages, minmay_crypt_entry_nasty_monster,
          nicolae_vaults_big_ls, hangedman_vaults_cutoff,
          hangedman_vaults_restitches, vaults_room_fancy_cross,
          ontoclasm_vaults_loading_screen, v_misc_24, layout_vaults_maze_bifur,
          uniq_mara, uniq_boris
Vaults:3: nicolae_vaults_rhombus_6, ontoclasm_vaults_hangar,
          nicolae_vaults_yaktaur_gun_rack, v_misc_5,
          vaults_mumra_minichess_inversion, v_misc_29, hangedman_vaults_nodes,
          grunt_vaults_twisty, vaults_dpeg_encased_lava, layout_vaults_omnigrid,
          serial_shops, shop, uniq_margery
Vaults:4: nicolae_vaults_back_hallway, v_misc_1, hangedman_vaults_cutoff,
          vaults_room_hallway, v_pattern_5, nicolae_vaults_little_squares_4,
          v_misc_8, vaults_dpeg_ring, nicolae_vaults_windows_and_doors_thing,
          nicolae_vaults_gold_heap, layout_vaults_chaotic_city, serial_shops,
          nicolae_shop_stone, shop, shop, nicolae_shop_crystal,
          nicolae_square_shop, uniq_donald
Vaults:5: serial_shops
Depths:1: layout_basic, serial_shops, shop, serial_curves, eino_curves_03,
          eino_curves_03, eino_curves_04, eino_curves_01, grunt_metal_band,
          dpeg_stationary_puzzle, firewood_loft, serial_bayou_shore_b
Depths:2: kennysheep_cluttered_fort, layout_honeycomb, enter_ziggurat_b,
          pf_dread_powers_of_hell, serial_shops, shop, gammafunk_ghost_arena,
          kennysheep_another_room, pan_entry, kilobyte_mutagenic_chamber,
          minmay_staircase_windowed_small, serial_bayou_shore_b, uniq_sojobo
Depths:3: grunt_twisty_corner, layout_gridlike, pf_coc_iceberg,
          abyss_entry_small_statue_room, elyvilon_altar_3, serial_bayou_shore_b,
          serial_bayou_shore_b

Skill      XL: |  1  2  3  4  5  6  7  8  9 10 11 12 13 14 15 16 17 18 19 20 21 22 23 24 25 |
---------------+----------------------------------------------------------------------------+-----
Fighting       | 4 5 6 8 9 11 12 14 15 16 17 18 | 18.9
Maces & Flails | 3 4 5 6 8 9 11 12 13 14 15 16 17 | 17.3
Armour         | 4 5 7 8 10 11 12 18 21 | 21.1
Dodging        | 1 3 4 6 7 12 | 12.7
Shields        | 5 6 8 12 14 15 | 15.3
Invocations    | 4 7 9 11 12 13 14 15 16 17 18 19 20 | 20.8
Evocations     | 4 6 7 8 |  8.7
Stealth        | 2 8 |  8.0
Transmutations | 8 |  8.0
Spellcasting   | 8 |  8.7
Necromancy     | 5 9 11 | 11.1
Earth Magic    | 5 9 11 | 11.0
Translocations | 3 6 |  6.0
Conjurations   | 3 |  3.7

Action                   |  1- 3 |  4- 6 |  7- 9 | 10-12 | 13-15 | 16-18 | 19-21 | 22-24 | 25-27 || total
-------------------------+-------+-------+-------+-------+-------+-------+-------+-------+-------++-------
Melee: Flail             |   154 |   113 |   561 |   725 |       |       |       |       |       ||  1553
       Eveningstar       |       |       |       |    41 |  1145 |  1417 |  1587 |  1906 |   249 ||  6345
Throw: Javelin           |       |    10 |     2 |    23 |    15 |     3 |     4 |     1 |     1 ||    59
 Cast: Wereblood         |       |       |       |       |       |     8 |    10 |     6 |     1 ||    25
       Borgnjor's Vile C |       |       |       |       |       |       |     8 |    33 |     2 ||    43
       Lesser Beckoning  |       |       |       |       |       |       |       |       |     5 ||     5
Invok: Bend Time         |       |       |       |     3 |     4 |     4 |     6 |     1 |       ||    18
       Slouch            |       |       |       |     4 |     4 |     7 |    14 |     6 |     3 ||    38
       Step From Time    |       |       |       |       |       |     1 |       |       |       ||     1
Evoke: Wand              |       |     1 |    13 |    22 |    34 |     8 |     9 |     6 |     1 ||    94
  Use: Scroll            |     7 |     3 |     6 |    11 |    17 |     5 |     6 |     3 |     2 ||    60
       Potion            |       |     1 |     3 |     9 |     4 |       |     2 |       |       ||    19
 Stab: Paralysed         |       |       |     9 |     1 |     1 |       |       |       |       ||    11
       Distracted        |       |       |       |     1 |     1 |     1 |     5 |     1 |     2 ||    11
       Sleeping          |       |       |       |       |     4 |    21 |    19 |    25 |     1 ||    70
       Petrified         |       |       |       |       |     3 |       |       |       |       ||     3
       Confused          |       |       |       |       |     1 |       |       |       |       ||     1
Armor: Scale mail        |    37 |       |       |       |       |       |       |       |       ||    37
       Chain mail        |    72 |    97 |   367 |       |       |       |       |       |       ||   536
       Skin              |     1 |       |    57 |    94 |       |       |       |       |       ||   152
       Troll leather arm |       |       |       |   321 |   537 |   632 |   578 |   251 |       ||  2319
       Quicksilver drago |       |       |       |       |       |       |       |   546 |   198 ||   744
Dodge: Dodged            |    60 |    41 |   294 |   424 |   796 |  1706 |  1600 |  2066 |   331 ||  7318
Block: Buckler           |    38 |    17 |    74 |       |   646 |  1322 |  1076 |  1408 |   342 ||  4923
       Kite shield       |       |       |    94 |   150 |       |       |       |       |       ||   244
       Reflection        |       |       |       |       |    24 |    93 |    68 |   126 |    29 ||   340

Table legend: (Time is in decaauts)
 A = Elapsed time spent in this place.
 B = Non-inter-level travel time spent in this place.
 C = Inter-level travel time spent in this place.
 D = Time resting spent in this place.
 E = Time spent auto-exploring this place.
 F = Levels seen in this place.
 G = Mean time per level.
                   A        B        C        D        E       F      G
               +--------+--------+--------+--------+--------+-----+--------+
         Total |  75190 |  67425 |   7765 |   4913 |  45839 |  48 | 1566.5 |
       Dungeon |  23899 |  19637 |   4262 |   2530 |  12990 |  15 | 1593.3 |
          Lair |  10956 |   9912 |   1044 |     27 |   8411 |   6 | 1826.0 |
         Swamp |   5483 |   5262 |    221 |    377 |   3439 |   4 | 1370.8 |
     Snake Pit |   5756 |   5254 |    502 |     49 |   3934 |   4 | 1439.0 |
  Orcish Mines |   3630 |   3253 |    377 |    429 |   1960 |   2 | 1815.0 |
   Elven Halls |   5093 |   4893 |    200 |      2 |   3436 |   3 | 1697.7 |
        Vaults |  10568 |   9920 |    648 |    302 |   6905 |   5 | 2113.6 |
        Depths |   6941 |   6433 |    508 |    590 |   3831 |   3 | 2313.7 |
         Abyss |   2214 |   2214 |      0 |    606 |    696 |   4 |  553.5 |
        Bazaar |    197 |    197 |      0 |      0 |    123 |   1 |  197.0 |
        Wizlab |    447 |    447 |      0 |      0 |    111 |   1 |  447.0 |
               +--------+--------+--------+--------+--------+-----+--------+

Top non-repeatable levels by time:
Depths:3: 3001 daAuts
Vaults:4: 2881 daAuts
Vaults:2: 2393 daAuts
    D:14: 2305 daAuts
  Lair:6: 2283 daAuts
Vaults:3: 2278 daAuts
Vaults:1: 2212 daAuts
     D:7: 2144 daAuts
   Orc:2: 2056 daAuts
  Lair:1: 2020 daAuts
     D:9: 2017 daAuts
Depths:2: 1989 daAuts
   Elf:2: 1969 daAuts
Depths:1: 1950 daAuts
    D:13: 1905 daAuts
